 Dungeon Crawl Stone Soup version 0.27.1-1-g398f81649c (webtiles) character file.

Game seed: 15683856224689814657

19326 Descartes the Spry (level 12, -11/56 HPs)
             Began as a Spriggan Delver on Sept 19, 2021.
             Was an Elder of Dithmenos.
             Mangled by an orc warrior (17 damage)
             ... on level 12 of the Dungeon.
             The game lasted 00:40:21 (14552 turns).

Descartes the Spry (Spriggan Delver)               Turns: 14552, Time: 00:40:22

Health: -11/56     AC:  5    Str: 10    XL:     12   Next: 35%
Magic:  20/20      EV: 29    Int: 14    God:    Dithmenos [****..]
Gold:   1234       SH:  0    Dex: 17    Spells: 21/21 levels left

rFire    + . .     SeeInvis +   B - +2 dagger (elec)
rCold    + + .     Faith    +   (shield restricted)
rNeg     + . .     Spirit   .   Q - +1 troll leather armour {Snorg}
rPois    +         Reflect  .   (helmet restricted)
rElec    .         Harm     .   (no cloak)
rCorr    .         Rampage  .   (gloves unavailable)
Will     ++...                  (boots unavailable)
Stlth    ++++++++..             V - amulet "Turoihu" {Faith rC++}
HPRegen  1.18/turn              q - ring of poison resistance
MPRegen  0.17/turn              x - ring of Naenedy {rF+ rN+}

@: wreathed by umbra, very quick
A: very small, no large weapons, unfitting armour, see invisible, speed 3, wild
magic 2
a: Renounce Religion, Shadow Step


You were on level 12 of the Dungeon.
You worshipped Dithmenos.
Dithmenos was greatly pleased with you.
You visited 4 branches of the dungeon, and saw 16 of its levels.

You collected 1234 gold pieces.

Inventory:

Hand Weapons
 B - a +2 dagger of electrocution (weapon)
 N - a +0 scimitar of flaming
 S - a +0 fustibalus
 T - a +0 shortbow
 X - a +3 dagger of holy wrath
 Y - the +8 scimitar "Raosh" {freeze, *Noise rElec rN+++ Str+7}
   (You found it on level 13 of the Dungeon)

   It freezes those it strikes, dealing additional cold damage.
   It can also slow down cold-blooded creatures.
   Str:       It affects your strength (+7).
   rElec:     It insulates you from electricity.
   rN:        It renders you almost immune to negative energy.
   *Noise:    It may make noises in combat.
Missiles
 a - 6 atropa-tipped darts
 b - 97 bolts
 f - 6 boomerangs
 j - 124 sling bullets
 u - 240 stones (quivered)
 w - 35 poisoned darts
 z - 167 arrows
 D - a throwing net
Armour
 Q - a +1 troll leather armour (worn) {Snorg}
Jewellery
 q - a ring of poison resistance (left hand)
 t - a ring of protection from fire
 x - the ring of Naenedy (right hand) {rF+ rN+}
   (You found it on level 4 of the Dungeon)

   [ring of positive energy]

   rF:        It protects you from fire.
   rN:        It protects you from negative energy.
 C - a +4 ring of evasion
 H - a ring of resist corrosion
 U - a ring of protection from cold
 V - the amulet "Turoihu" (around neck) {Faith rC++}
   (You found it on level 12 of the Dungeon)

   [amulet of faith]

   It allows you to gain divine favour quickly.
   rC:        It greatly protects you from cold.
Wands
 g - a wand of digging (3)
 l - a wand of polymorph (9)
 r - a wand of paralysis (6)
 F - a wand of flame (20)
 J - a wand of acid (33)
Scrolls
 c - 2 scrolls of fog
 d - 2 scrolls of magic mapping
 e - 2 scrolls of fear
 i - 2 scrolls of noise {unknown}
 n - 2 scrolls of enchant weapon {unknown}
 o - a scroll of vulnerability {unknown}
 s - a scroll of blinking {unknown}
 y - 4 scrolls of immolation {unknown}
 E - 5 scrolls of enchant armour {unknown}
 G - 2 scrolls of amnesia {unknown}
 M - a scroll of acquirement {unknown}
 P - 2 scrolls of torment
 R - a scroll of brand weapon {unknown}
Potions
 m - 7 potions of curing
 p - 4 potions of flight
 v - 3 potions of attraction
 A - a potion of lignification {unknown}
 I - a potion of invisibility
 L - a potion of resistance
 O - a potion of haste
 Z - 2 potions of brilliance
Miscellaneous
 h - a piece from Xom's chessboard (14/15)
 W - a phial of floods (inert)


   Skills:
 - Level 2.4 Fighting
 - Level 10.0 Short Blades
 + Level 17.9 Dodging
 + Level 13.1 Stealth
 - Level 5.0 Spellcasting
 - Level 5.0 Invocations
 + Level 7.0 Evocations


You had 21 spell levels left.
You didn't know any spells.
Your spell library contained the following spells:

 Spells                   Type           Power      Damage    Failure   Level
 Foxfire                  Conj/Fire      20%        2x1d5     41%         1
 Conjure Flame            Conj/Fire      5%         6-21      73%         3
 Inner Flame              Hex/Fire       5%         N/A       73%         3
 Airstrike                Air            2%         N/A       98%         4
 Animate Dead             Necr           2%         N/A       98%         4
 Summon Lightning Spire   Summ/Air       5%         N/A       98%         4
 Borgnjor's Vile Clutch   Necr/Erth      2%         N/A       100%        5
 Lightning Bolt           Conj/Air       2%         1d14      100%        5
 Death Channel            Necr           2%         N/A       100%        6


Dungeon Overview and Level Annotations

Branches:
Dungeon (13/15)            Temple (1/1) D:6            Lair (1/6) D:8
    Orc (1/2) D:12
 Vaults: D:13-14

Altars:
Ashenzari
Cheibriados
Dithmenos
Elyvilon
Fedhas
Gozag
Hepliaklqana
Kikubaaqudgha
Makhleb
Nemelex Xobeh
Okawaru
Qazlal
Ru
Sif Muna
Trog
Uskayaw
Vehumet
Wu Jian
Xom
Yredelemnul
Zin
The Shining One

Shops:
D:1 :   D:4 [   D:7 (   Orc:1 =


Innate Abilities, Weirdness & Mutations

You are very small and have problems with some larger weapons.
You are too small for most types of armour.
You have supernaturally acute eyesight. (SInv)
You cover ground extremely quickly. (Speed+++)
Your spells are harder to cast, but more powerful.


Message History

You are too injured to fight recklessly!
You are too injured to fight recklessly!
Items here: ))))) [[[[ †.
You are too injured to fight recklessly!
You are too injured to fight recklessly!
You are too injured to fight recklessly!
You are too injured to fight recklessly!
You are too injured to fight recklessly!
You hit the orc warrior but do no damage.
Lightning courses through the orc warrior!
The orc warrior is heavily wounded.
You closely miss the orc warrior.
The orc warrior is heavily wounded.
The orc warrior barely misses you.
You hit the orc warrior.
Lightning courses through the orc warrior!
The orc warrior is almost dead.
You closely miss the orc warrior.
The orc warrior is almost dead.
Your shadow hits the orc warrior with a dagger.
The orc warrior hits you with a +0 hand axe!
* * * LOW HITPOINT WARNING * * *
You hit the orc warrior but do no damage.
Lightning courses through the orc warrior!!
You kill the orc warrior!
Dithmenos accepts your kill.
You hit the orc warrior but do no damage.
The orc warrior is moderately wounded.
Your shadow hits the orc warrior with a dagger.
You hit the orc warrior but do no damage.
The orc warrior is heavily wounded.
The orc warrior hits you with a +0 war axe!
* * * LOW HITPOINT WARNING * * *
You hit the orc warrior.
The orc warrior is severely wounded.
You hit the orc warrior.
The orc warrior is severely wounded.
Your shadow barely misses the orc warrior.
The orc warrior hits you with a +0 war axe!
You die...

...###.######### ######
...###..###.##.####.##.#
...##..###....###......###
...##.#.##.#.##.#...###..#######
...##...#..###......#.#.#......#
##.####.....##.#..#.#.#.######.#
#.##..##..###[[..##.##.# #.#
#.###..#..#.)>o#..#.##.# #.#
#.##...#.[[.)[#@.#.###.# #.#
#.##.#.#.#.#..##..##.### #.#
#.####.##.###...#..#...# #.#
#.##..###..)#.#.#.....### #.#
##.##......##..#...##.#..# #.#
...###..##..##.##.#...########>#
...##....#.#.....#..#...##.....#
.....##.#.###..#####..#.##.....#
#####..##....#.# #..#..###.....#


You could see an orc warrior.

Vanquished Creatures
  Snorg (D:11)
  A hydra (D:11)
  Erica (D:8)
  A centaur warrior (D:12)
  A two-headed ogre (D:11)
  Pikel (D:9)
  3 orc sorcerers (D:12)
  An orc knight (D:12)
  2 ugly things
  2 cyclopes
  A gargoyle (D:12)
  Psyche (D:8)
  A kobold demonologist (D:11)
  An unseen horror (D:11)
  2 trolls
  A hornet (D:7)
  4 slime creatures
  Sigmund (D:4)
  2 shadows (D:11)
  4 wyverns
  6 yaks
  A human (shapeshifter) (D:13)
  13 vampire mosquitoes
  A swamp worm (shapeshifter) (D:13)
  2 acid dragons (D:10)
  4 wargs
  Duvessa (D:7)
  2 water moccasins
  7 orc warriors
  A sky beast (D:7)
  2 ice beasts
  3 black bears
  3 ogres
  A centaur (D:10)
  2 lemures (D:8)
  4 phantoms
  4 scorpions
  4 bullfrogs
  2 gnoll sergeants
  Dowan (D:7)
  A water moccasin skeleton (D:6)
  A troll zombie (D:12)
  8 killer bees (D:9)
  5 howler monkeys
  6 wights
  5 centaur zombies
  2 bullfrog zombies (D:7)
  3 hounds
  A jelly (D:5)
  A gnoll shaman (D:5)
  8 orc priests
  2 iguanas (D:6)
  A scorpion zombie (D:5)
  12 orc wizards
  5 ogre zombies (D:12)
  A hound skeleton (D:4)
  Robin (D:3)
  14 gnolls
  8 adders
  A white imp (D:5)
  3 worms
  6 dart slugs
  50 orcs
  6 ball pythons
  3 bats (D:3)
  4 endoplasms
  A giant cockroach (D:1)
  15 goblins
  5 hobgoblins
  4 jackals (D:2)
  A quokka (D:1)
  12 frilled lizards
  A goblin skeleton (D:12)
  4 goblin zombies (D:12)
  A hobgoblin skeleton (D:12)
  4 hobgoblin zombies (D:12)
  5 kobolds
  9 orc zombies (D:12)
  6 rats
322 creatures vanquished.

Vanquished Creatures (others)
  A fungus (D:8)
  6 plants (D:6)
  4 toadstools (D:8)
11 creatures vanquished.

Grand Total: 333 creatures vanquished

Notes
Turn   | Place    | Note
-------+----------+-------------------------------------------
     0 | D:5      | Descartes the Spriggan Delver began the quest for the Orb.
     0 | D:5      | Reached XP level 1. HP: 11/11 MP: 2/2
     7 | D:5      | Noticed a howler monkey
    14 | D:5      | Killed a howler monkey
    15 | D:5      | Reached skill level 4 in Dodging
    15 | D:5      | Reached XP level 2. HP: 16/16 MP: 3/3
    15 | D:5      | Reached XP level 3. HP: 19/19 MP: 4/4
   192 | D:4      | Noticed a black bear
   213 | D:4      | Killed a black bear
   214 | D:4      | Reached skill level 5 in Dodging
   214 | D:4      | Reached XP level 4. HP: 19/23 MP: 5/5
   214 | D:4      | Reached XP level 5. HP: 22/27 MP: 6/6
  1017 | D:2      | Found a snail-covered altar of Cheibriados.
  1464 | D:1      | Found Refeq's Book Boutique.
  2630 | D:3      | Found a white marble altar of Elyvilon.
  2687 | D:3      | Found a hazy altar of Hepliaklqana.
  2786 | D:3      | Noticed Robin
  2801 | D:3      | Killed Robin
  2812 | D:3      | Reached skill level 6 in Dodging
  2990 | D:3      | Noticed an ogre
  3001 | D:3      | Killed an ogre
  3002 | D:3      | Reached skill level 10 in Stealth
  3002 | D:3      | Reached XP level 6. HP: 32/32 MP: 7/7
  3698 | D:3      | Found a faded altar of an unknown god.
  3775 | D:4      | Identified the ring of Naenedy {rF+ rN+}
  3777 | D:4      | Found Ren Wolig's Armour Shop.
  3831 | D:4      | Reached skill level 7 in Dodging
  3944 | D:4      | Noticed Sigmund
  3948 | D:4      | Killed Sigmund
  3949 | D:4      | Reached XP level 7. HP: 35/35 MP: 8/8
  4829 | D:4      | Reached skill level 8 in Dodging
  5631 | D:4      | You fall into a shaft and drop 1 floor!
  5660 | D:4      | Reached skill level 9 in Dodging
  5660 | D:4      | Reached XP level 8. HP: 39/39 MP: 9/9
  6065 | D:5      | Reached skill level 10 in Dodging
  6363 | D:5      | Reached skill level 1 in Evocations
  6673 | D:6      | Reached skill level 11 in Dodging
  6821 | D:6      | Found a staircase to the Ecumenical Temple.
  6913 | Temple   | Entered the Ecumenical Temple
  7033 | Temple   | Became a worshipper of Dithmenos the Shadowed
  7188 | D:6      | Reached XP level 9. HP: 43/43 MP: 10/10
  7213 | D:6      | Found a radiant altar of Vehumet.
  7481 | D:7      | Identified the +1 pair of boots of Jatic {Harm rN++ MP-9}
  7547 | D:7      | Reached skill level 5 in Evocations
  7572 | D:7      | Found Faleghou's Weapon Boutique.
  7575 | D:7      | Reached skill level 5 in Short Blades
  7623 | D:7      | Noticed Duvessa
  7623 | D:7      | Noticed Dowan
  7627 | D:7      | Killed Duvessa
  7632 | D:7      | Killed Dowan
  8344 | D:7      | Reached skill level 12 in Dodging
  8382 | D:7      | Reached * piety under Dithmenos
  8547 | D:8      | Noticed a troll
  8549 | D:8      | Killed a troll
  8672 | D:8      | Noticed Erica
  8689 | D:8      | Killed Erica
  8690 | D:8      | Reached XP level 10. HP: 31/47 MP: 11/11
  8893 | D:8      | Noticed Psyche
  8901 | D:8      | Killed Psyche
  8902 | D:8      | Reached skill level 1 in Invocations
  8940 | D:7      | Gained mutation: Your spells are a little harder to cast,
                  | but a little more powerful. [potion of mutation]
  8940 | D:7      | Gained mutation: Your spells are harder to cast, but more
                  | powerful. [potion of mutation]
  9059 | D:7      | Reached skill level 10 in Short Blades
  9116 | D:8      | Found a staircase to the Lair.
  9135 | D:8      | Reached skill level 1 in Spellcasting
  9280 | Lair:1   | Entered Level 1 of the Lair of Beasts
  9282 | Lair:1   | Noticed a cane toad
  9283 | Lair:1   | Noticed a cane toad
  9287 | Lair:1   | Noticed a cane toad
  9308 | D:9      | Found an ancient bone altar of Kikubaaqudgha.
  9396 | D:9      | Reached ** piety under Dithmenos
  9628 | D:9      | Noticed Pikel
  9670 | D:9      | Killed Pikel
  9706 | D:9      | Reached skill level 5 in Invocations
  9918 | D:9      | Reached skill level 5 in Spellcasting
 10331 | D:10     | Entered Level 10 of the Dungeon
 10431 | D:10     | Noticed a two-headed ogre
 10521 | D:9      | Reached skill level 13 in Dodging
 10759 | D:10     | Reached XP level 11. HP: 33/50 MP: 19/19
 11094 | D:11     | Noticed an eight-headed hydra
 11099 | D:11     | Killed an eight-headed hydra
 11100 | D:11     | Reached skill level 14 in Dodging
 11108 | D:11     | Noticed a red ugly thing
 11257 | D:11     | Noticed Snorg
 11259 | D:11     | Killed Snorg
 11259 | D:11     | Reached *** piety under Dithmenos
 11401 | D:11     | Killed a red ugly thing
 11402 | D:11     | Reached skill level 15 in Dodging
 11897 | D:11     | Noticed a two-headed ogre
 11911 | D:11     | Killed a two-headed ogre
 11912 | D:11     | Reached skill level 16 in Dodging
 12282 | D:12     | Identified the +3 leather armour of Tomorrow {Rampage}
 12296 | D:12     | Noticed a centaur warrior
 12303 | D:12     | Killed a centaur warrior
 12304 | D:12     | Reached skill level 17 in Dodging
 12492 | D:12     | Found a staircase to the Orcish Mines.
 12585 | D:12     | Reached **** piety under Dithmenos
 12849 | D:12     | Identified the amulet "Turoihu" {Faith rC++}
 13028 | D:12     | Reached XP level 12. HP: 37/56 MP: 20/20
 13320 | D:13     | Found a hazy altar of Hepliaklqana.
 13320 | D:13     | Identified the +8 scimitar "Raosh" {freeze, *Noise rElec
                  | rN+++ Str+7}
 13575 | D:13     | Noticed a tengu warrior
 13754 | Orc:1    | Entered Level 1 of the Orcish Mines
 14166 | Orc:1    | Found Iho Far's Jewellery Shoppe.
 14552 | D:12     | Mangled by an orc warrior

Illustrated notes

Levels and vault maps discovered:
D:1:      minmay_arrival_jagged, layout_basic, serial_shops, nicolae_shop_trees,
          chequers_serial_rivers_large_a
D:2:      layout_loops_corners, basic_altar, minmay_misc_feat_alley
D:3:      layout_loops_ring, mainiacjoe_overflow_large_starburst,
          shapermc_ecumenical_altar_hornbeckon, minmay_misc_feat_encased,
          uniq_robin
D:4:      layout_basic, serial_shops, nicolae_stop_n_shop_2,
          hangedman_decor_riveting, uniq_sigmund
D:5:      layout_cave_pools, hellmonk_bongcloud_opening
D:6:      layout_basic, general_overflow_altar, minmay_temple_entry_fiery,
          minmay_lizard_king
D:7:      layout_loops_ring, serial_shops, kennysheep_mini_moat, uniq_duvessa
D:8:      layout_rooms, erik_lair_orcish_takeover, minmay_gold_behind_fungi,
          uniq_psyche, uniq_erica
D:9:      layout_roguey, overflow_temple_1_default,
          chequers_serial_rivers_micro_e, uniq_pikel
D:10:     layout_roguey
D:11:     layout_gridville, uniq_snorg
D:12:     layout_long_grid, zombieorc1_lemuel
D:13:     layout_roguey, grunt_vaults_entry_fortified,
          nicolae_hepliaklqana_hazy_memory
Temple:   compressed_dpeg_circular_temple
Lair:1:   layout_gridlike, gammafunk_ghost_arena, lemuel_fruit_fields
Orc:1:    layout_caves, serial_shops, shop, uniq_jorgrun

Skill      XL: |  1  2  3  4  5  6  7  8  9 10 11 12 |
---------------+-------------------------------------+-----
Dodging        | 4 5 6 7 9 11 12 13 17 | 17.9
Stealth        | 8 9 10 11 12 13 | 13.1
Evocations     | 4 5 7 |  7.0
Short Blades   | 4 9 10 | 10.0
Invocations    | 5 |  5.0
Spellcasting   | 5 |  5.0
Fighting       | |  2.4

Action                   |  1- 3 |  4- 6 |  7- 9 | 10-12 || total
-------------------------+-------+-------+-------+-------++-------
Melee: Short sword       |    21 |   230 |     1 |       ||   252
       Dagger            |       |       |   241 |   915 ||  1156
Evoke: Piece from Xom's  |     1 |     2 |     1 |     1 ||     5
       Wand              |       |       |       |     2 ||     2
       Phial of floods   |       |       |       |     1 ||     1
  Use: Potion            |       |       |     1 |     2 ||     3
       Scroll            |       |       |       |     9 ||     9
 Stab: Sleeping          |     1 |    18 |    21 |    47 ||    87
       Paralysed         |     1 |       |       |     1 ||     2
       Distracted        |       |     1 |     5 |     1 ||     7
Armor: Robe              |       |    14 |     6 |       ||    20
       Troll leather arm |       |       |       |    22 ||    22
Dodge: Dodged            |    25 |   169 |   160 |   598 ||   952
